PAAA
FOREST CITY WARRIORS @ PORT ROYAL DISASTER
08/19/2041
 
TOP OF THE 1ST
Forest City Warriors batting - Pitching for Port Royal Disaster : RHP José Blanco
Pitching: RHP José Blanco
Batting: RHB Roberto Vázquez 0-0: Ball
1-0: Fly out, F3 (Line Drive, 3, EV 72.5 MPH)
Batting: RHB Ernest Franks 0-0: Ball
1-0: Foul Ball, location: 2F
1-1: Ball
2-1: Ball
3-1: SINGLE (Groundball, 6M, EV 110.6 MPH) (infield hit)
Batting: LHB Lauren Hilfiker 0-0: Ball
1-0: Ball
2-0: Called Strike
2-1: Called Strike
2-2: Foul Ball, location: 2F
2-2: Fielders Choice at 2nd, 5-4 (Groundball, 5, EV 78.8 MPH)
Batting: RHB Wilbur Davis 0-0: Ball
1-0: 2-RUN HOME RUN (Flyball, 7D, EV 91.2 MPH), Distance : 363 ft
Batting: LHB Bob Giles 0-0: Called Strike
0-1: Swinging Strike
0-2: Foul Ball, location: 2F
0-2: Fly out, F7 (Line Drive, 7, EV 90.6 MPH)
Top of the 1st over - 2 runs, 2 hits, 0 errors, 0 left on base; Forest City 2 - Port Royal 0
BOTTOM OF THE 1ST
Port Royal Disaster batting - Pitching for Forest City Warriors : LHP Arnie Harper
Pitching: LHP Arnie Harper
Batting: RHB Sean Roberts 0-0: Fly out, F8 (Line Drive, 8RM, EV 91.9 MPH)
Batting: RHB Michael Brannon 0-0: Ball
1-0: Called Strike
1-1: Ball
2-1: Ball
3-1: Foul Ball, location: 2F
3-2: Foul Ball, location: 2F
3-2: Ground out 6-3 (Groundball, 6S, EV 65.0 MPH)
Batting: RHB Jaime Espinar 0-0: Ball
1-0: Swinging Strike
1-1: Foul Ball, location: 2F
1-2: Ball
2-2: Strikes out swinging
Bottom of the 1st over - 0 runs, 0 hits, 0 errors, 0 left on base; Forest City 2 - Port Royal 0
TOP OF THE 2ND
Forest City Warriors batting - Pitching for Port Royal Disaster : RHP José Blanco
Batting: RHB Sigi Lang 0-0: Ball
1-0: Called Strike
1-1: Foul Ball, location: 2F
1-2: Foul Ball, location: 2F
1-2: Fly out, F7 (Flyball, 7LSF, EV 85.0 MPH)
Batting: RHB José Álvarez 0-0: Called Strike
0-1: Ball
1-1: Swinging Strike
1-2: Foul Ball, location: 2F
1-2: Ball
2-2: Ball
3-2: SINGLE (Groundball, 6MD, EV 93.8 MPH)
Batting: RHB Armando Altagracia 0-0: Called Strike
0-1: Swinging Strike
0-2: Strikes out looking
Batting: RHB Dale Epner 0-0: Called Strike
0-1: Swinging Strike
0-2: Ball
1-2: Foul Ball, location: 2F
1-2: Ball
2-2: Strikes out swinging
Top of the 2nd over - 0 runs, 1 hit, 0 errors, 1 left on base; Forest City 2 - Port Royal 0
BOTTOM OF THE 2ND
Port Royal Disaster batting - Pitching for Forest City Warriors : LHP Arnie Harper
Batting: RHB Mariano Juderías 0-0: Foul Ball, location: 2F
0-1: Foul Ball, location: 2F
0-2: SOLO HOME RUN (Flyball, 7D, EV 98.8 MPH), Distance : 379 ft
Batting: RHB Sean Wallace 0-0: Ball
1-0: Ball
2-0: Fly out, F9 (Flyball, 89XD, EV 97.5 MPH)
Batting: RHB Gerold Kent 0-0: Ball
1-0: Ball
2-0: Ball
3-0: Base on Balls
Batting: RHB Louie Kennard 0-0: Foul Ball, location: 2F
Balk!
Gerold Kent to second
0-1: Foul Ball, location: 2F
0-2: Ball
1-2: Strikes out swinging
Batting: LHB Gabriel Amezquita 0-0: Called Strike
0-1: Foul Ball, location: 2F
0-2: Ground out U3 (Groundball, 3L, EV 102.5 MPH)
Bottom of the 2nd over - 1 run, 1 hit, 0 errors, 1 left on base; Forest City 2 - Port Royal 1
TOP OF THE 3RD
Forest City Warriors batting - Pitching for Port Royal Disaster : RHP José Blanco
Batting: RHB Roberto Vázquez 0-0: Ball
1-0: Foul Ball, location: 2F
1-1: Called Strike
1-2: Ball
2-2: Ball
3-2: Strikes out swinging
Batting: RHB Ernest Franks 0-0: Fly out, F7 (Flyball, 7, EV 83.1 MPH)
Batting: LHB Lauren Hilfiker 0-0: Called Strike
0-1: Called Strike
0-2: Ball
1-2: Foul Ball, location: 2F
1-2: Strikes out swinging
Top of the 3rd over - 0 runs, 0 hits, 0 errors, 0 left on base; Forest City 2 - Port Royal 1
BOTTOM OF THE 3RD
Port Royal Disaster batting - Pitching for Forest City Warriors : LHP Arnie Harper
Batting: RHB Steve Bock 0-0: Foul Ball, location: 2F
0-1: Ball
1-1: Ball
2-1: Foul Ball, location: 2F
2-2: Ball
3-2: Ground out 6-3 (Groundball, 6S, EV 74.4 MPH)
Batting: RHB Sean Roberts 0-0: Ball
1-0: Ball
2-0: Ball
3-0: Base on Balls
Batting: RHB Michael Brannon 0-0: Ball
1-0: Ball
Wild Pitch!
Sean Roberts to second
2-0: Foul Ball, location: 2F
2-1: Fly out, F4 (Popup, 4, EV 63.8 MPH)
Batting: RHB Jaime Espinar 0-0: Ball
1-0: Called Strike
1-1: Foul Ball, location: 2F
1-2: Foul Ball, location: 2F
1-2: SINGLE (Flyball, 78S, EV 91.2 MPH)
Sean Roberts to third
Runner from 3rd tries for Home, SAFE, throw by LF to home
Batting: RHB Mariano Juderías 0-0: Ball
1-0: Called Strike
1-1: SINGLE (Line Drive, 9S, EV 105.0 MPH)
Jaime Espinar to second
Batting: RHB Sean Wallace 0-0: Called Strike
0-1: Fielders Choice at 2nd, 6-4 (Groundball, 6, EV 81.2 MPH)
Bottom of the 3rd over - 1 run, 2 hits, 0 errors, 2 left on base; Forest City 2 - Port Royal 2
TOP OF THE 4TH
Forest City Warriors batting - Pitching for Port Royal Disaster : RHP José Blanco
Batting: RHB Wilbur Davis 0-0: SOLO HOME RUN (Flyball, 7D, EV 93.8 MPH), Distance : 382 ft
Batting: LHB Bob Giles 0-0: Called Strike
0-1: Ball
1-1: Swinging Strike
1-2: Foul Ball, location: 2F
1-2: Foul Ball, location: 2F
1-2: Ground out 5-3 (Groundball, 5, EV 108.1 MPH)
Batting: RHB Sigi Lang 0-0: Called Strike
0-1: Ball
1-1: Ball
2-1: Foul Ball, location: 2F
2-2: Ball
3-2: Base on Balls
Batting: RHB José Álvarez 0-0: Ball
1-0: Foul Ball, location: 2F
1-1: Foul Ball, location: 2F
1-2: SINGLE (Line Drive, 9S, EV 107.5 MPH)
Sigi Lang to second
Batting: RHB Armando Altagracia 0-0: Called Strike
0-1: Foul Ball, location: 2F
0-2: Foul Ball, location: 2F
0-2: Foul Ball, location: 2F
0-2: Strikes out looking
Batting: RHB Dale Epner 0-0: Ball
1-0: Called Strike
1-1: Fielders Choice at 2nd, 6-4 (Groundball, 6, EV 85.6 MPH)
Top of the 4th over - 1 run, 2 hits, 0 errors, 2 left on base; Forest City 3 - Port Royal 2
BOTTOM OF THE 4TH
Port Royal Disaster batting - Pitching for Forest City Warriors : LHP Arnie Harper
Batting: RHB Gerold Kent 0-0: Ball
1-0: Foul Ball, location: 2F
1-1: Ball
2-1: Foul Ball, location: 2F
2-2: Strikes out swinging
Batting: RHB Louie Kennard 0-0: Called Strike
0-1: Ball
1-1: Ball
2-1: Swinging Strike
2-2: Strikes out swinging
Batting: LHB Gabriel Amezquita 0-0: Foul Ball, location: 2F
0-1: Fly out, F5 (Popup, 5SF, EV 74.4 MPH)
Bottom of the 4th over - 0 runs, 0 hits, 0 errors, 0 left on base; Forest City 3 - Port Royal 2
TOP OF THE 5TH
Forest City Warriors batting - Pitching for Port Royal Disaster : RHP José Blanco
Batting: RHB Roberto Vázquez 0-0: Called Strike
0-1: Ground out 1-3 (Groundball, 13, EV 65.6 MPH)
Batting: RHB Ernest Franks 0-0: Called Strike
0-1: Foul Ball, location: 2F
0-2: Ball
1-2: SINGLE (Groundball, 4MD, EV 99.4 MPH)
Batting: LHB Lauren Hilfiker 0-0: Ball
1-0: Called Strike
1-1: SINGLE (Line Drive, 6MD, EV 98.8 MPH)
Ernest Franks to second
Batting: RHB Wilbur Davis 0-0: Ball
1-0: Ball
2-0: Called Strike
2-1: Ball
3-1: Base on Balls
Ernest Franks to third
Lauren Hilfiker to second
Batting: LHB Bob Giles 0-0: Ball
1-0: Foul Ball, location: 2F
1-1: Ball
2-1: Hit by Pitch
Ernest Franks scores
Lauren Hilfiker to third
Wilbur Davis to second
Batting: RHB Sigi Lang 0-0: Ball
1-0: Called Strike
1-1: Grounds into double play, 6-4-3 (Groundball, 6S, EV 90.0 MPH)
Top of the 5th over - 1 run, 2 hits, 0 errors, 2 left on base; Forest City 4 - Port Royal 2
BOTTOM OF THE 5TH
Port Royal Disaster batting - Pitching for Forest City Warriors : LHP Arnie Harper
Batting: RHB Steve Bock 0-0: Called Strike
0-1: Ball
1-1: Foul Ball, location: 2F
1-2: Strikes out looking
Batting: RHB Sean Roberts 0-0: Ball
1-0: Called Strike
1-1: Ball
2-1: Ball
3-1: Foul Ball, location: 2F
3-2: Base on Balls
Batting: RHB Michael Brannon 0-0: Called Strike
Sean Roberts steals 2nd base
0-1: Foul Ball, location: 2F
0-2: Ground out 5-3 (Groundball, 56, EV 82.5 MPH)
Batting: RHB Jaime Espinar 0-0: Called Strike
0-1: Swinging Strike
0-2: Ball
1-2: Ball
2-2: Foul Ball, location: 2F
2-2: Ball
3-2: Foul Ball, location: 2F
3-2: Foul Ball, location: 2F
3-2: Base on Balls
Batting: RHB Mariano Juderías 0-0: SINGLE (Line Drive, 89S, EV 101.9 MPH)
Sean Roberts to third
Jaime Espinar to second
Runner from 3rd tries for Home, SAFE, throw by CF to home
Batting: RHB Sean Wallace 0-0: Foul Ball, location: 2F
0-1: SINGLE (Line Drive, 34D, EV 105.0 MPH)
Jaime Espinar to third
Mariano Juderías to second
Runner from 3rd tries for Home, SAFE, throw by RF to home
Batting: RHB Gerold Kent 0-0: Foul Ball, location: 2F
0-1: Swinging Strike
0-2: Foul Ball, location: 2F
0-2: Strikes out swinging
Bottom of the 5th over - 2 runs, 2 hits, 0 errors, 2 left on base; Forest City 4 - Port Royal 4
TOP OF THE 6TH
Forest City Warriors batting - Pitching for Port Royal Disaster : RHP José Blanco
Batting: RHB José Álvarez 0-0: Foul Ball, location: 2F
0-1: Foul Ball, location: 2F
0-2: Ball
1-2: Strikes out looking
Pitching: RHP Joe Louter
Batting: RHB Armando Altagracia 0-0: Foul Ball, location: 2F
0-1: Ball
1-1: Ground out 4-3 (Groundball, 4, EV 83.8 MPH)
Batting: RHB Dale Epner 0-0: Called Strike
0-1: Foul Ball, location: 2F
0-2: Strikes out looking
Top of the 6th over - 0 runs, 0 hits, 0 errors, 0 left on base; Forest City 4 - Port Royal 4
BOTTOM OF THE 6TH
Port Royal Disaster batting - Pitching for Forest City Warriors : LHP Arnie Harper
Batting: RHB Louie Kennard 0-0: Ball
1-0: Ball
2-0: Ball
3-0: Base on Balls
Batting: LHB Gabriel Amezquita 0-0: Ball
1-0: Sac Bunt to 13 - play at first, batter OUT! 1-3
Louie Kennard to second
Batting: RHB Steve Bock 0-0: SINGLE (Groundball, 56D, EV 108.1 MPH)
Louie Kennard to third
Runner from 3rd tries for Home, SAFE, throw by LF to home
Pitching: RHP Sakutaro Ohayashi
Batting: RHB Sean Roberts 0-0: Ball
1-0: Fielders Choice at 2nd, 4-6 (Groundball, 4S, EV 80.0 MPH)
Batting: RHB Michael Brannon 0-0: Ball
Sean Roberts is caught stealing 2nd base 2-4
Bottom of the 6th over - 1 run, 1 hit, 0 errors, 0 left on base; Forest City 4 - Port Royal 5
TOP OF THE 7TH
Forest City Warriors batting - Pitching for Port Royal Disaster : RHP Joe Louter
Batting: RHB Roberto Vázquez 0-0: Ball
1-0: Called Strike
1-1: Foul Ball, location: 2F
1-2: Foul Ball, location: 2F
1-2: Strikes out swinging
Batting: RHB Ernest Franks 0-0: Fly out, F7 (Line Drive, 7, EV 111.2 MPH)
Batting: LHB Lauren Hilfiker 0-0: Ball
1-0: Ball
2-0: Ball
3-0: Called Strike
3-1: Base on Balls
Batting: RHB Wilbur Davis 0-0: Ball
1-0: Fielders Choice at 2nd, 6-4 (Groundball, 6, EV 106.2 MPH)
Top of the 7th over - 0 runs, 0 hits, 0 errors, 1 left on base; Forest City 4 - Port Royal 5
BOTTOM OF THE 7TH
Port Royal Disaster batting - Pitching for Forest City Warriors : RHP Sakutaro Ohayashi
Batting: RHB Michael Brannon 0-0: Foul Ball, location: 2F
0-1: SINGLE (Groundball, 3D, EV 99.4 MPH)
Batting: RHB Jaime Espinar 0-0: Grounds into double play, 6-4-3 (Groundball, 6D, EV 103.1 MPH)
Batting: RHB Mariano Juderías 0-0: Called Strike
0-1: Called Strike
0-2: Strikes out swinging
Bottom of the 7th over - 0 runs, 1 hit, 0 errors, 0 left on base; Forest City 4 - Port Royal 5
TOP OF THE 8TH
Forest City Warriors batting - Pitching for Port Royal Disaster : RHP Joe Louter
Batting: LHB Bob Giles 0-0: Called Strike
0-1: Called Strike
0-2: Ball
1-2: Ball
2-2: Foul Ball, location: 2F
2-2: Ball
3-2: Strikes out swinging
Batting: RHB Sigi Lang 0-0: Called Strike
0-1: Foul Ball, location: 2F
0-2: Ball
1-2: Foul Ball, location: 2F
1-2: Ball
2-2: Hit by Pitch
Pitching: RHP Chenor Njie
Batting: RHB José Álvarez
Pinch Hitting: LHB Pat Carter 0-0: Foul Ball, location: 2F
0-1: Ball
1-1: Foul Ball, location: 2F
1-2: Foul Ball, location: 2F
1-2: Foul Ball, location: 2F
1-2: Ball
2-2: Ball
3-2: SINGLE (Groundball, 6M, EV 107.5 MPH) (infield hit)
Sigi Lang to second
Pinch Runner at 2nd Pedro Guerrero:
Batting: RHB Armando Altagracia 0-0: Fly out, F7 (Flyball, 7, EV 96.9 MPH)
Pinch Hitting: LHB Sadatake Abe 0-0: Ball
1-0: Swinging Strike
1-1: Foul Ball, location: 2F
1-2: Strikes out swinging
Top of the 8th over - 0 runs, 1 hit, 0 errors, 2 left on base; Forest City 4 - Port Royal 5
BOTTOM OF THE 8TH
Port Royal Disaster batting - Pitching for Forest City Warriors : RHP Sakutaro Ohayashi
Now at 2B: Germán Gracía
Now at 3B: Lawrence Stokes
Now in RF: Pedro Guerrero
Batting: RHB Sean Wallace 0-0: SINGLE (Flyball, 34D, EV 91.2 MPH)
Batting: RHB Gerold Kent 0-0: Bunt - Flyout to 2R! F2
Batting: RHB Louie Kennard 0-0: Ball
1-0: Ball
2-0: Fly out, F9 (Flyball, 9, EV 78.8 MPH)
Batting: LHB Gabriel Amezquita 0-0: Ball
1-0: Fly out, F7 (Flyball, 78D, EV 96.9 MPH)
Bottom of the 8th over - 0 runs, 1 hit, 0 errors, 1 left on base; Forest City 4 - Port Royal 5
TOP OF THE 9TH
Forest City Warriors batting - Pitching for Port Royal Disaster : RHP Chenor Njie
Pitching: RHP Juan Delgado
Now at 3B: Seung-soo Ch'ae
Batting: RHB Roberto Vázquez 0-0: Called Strike
0-1: Ball
1-1: Called Strike
1-2: Ball
2-2: SINGLE (Groundball, 56D, EV 104.4 MPH)
Batting: RHB Ernest Franks 0-0: Bunted foul
0-1: Sac Bunt to 2L - play at first, batter OUT! 2-4
Roberto Vázquez to second
Batting: LHB Lauren Hilfiker 0-0: Called Strike
0-1: Ball
1-1: Ball
2-1: Foul Ball, location: 2F
2-2: SINGLE (Groundball, 34D, EV 106.9 MPH)
Roberto Vázquez to third
Runner from 3rd tries for Home, SAFE, throw by RF to home
Batting: RHB Wilbur Davis 0-0: Ball
1-0: Foul Ball, location: 2F
1-1: Fly out, F7 (Flyball, 7S, EV 86.2 MPH)
Batting: LHB Bob Giles 0-0: Ball
1-0: Swinging Strike
1-1: DOUBLE (Line Drive, 7LM, EV 108.8 MPH)
Lauren Hilfiker to third
Runner from 3rd tries for Home, SAFE, throw by LF to trailing runner, OUT at third! 7-6-5
Top of the 9th over - 2 runs, 3 hits, 0 errors, 0 left on base; Forest City 6 - Port Royal 5
BOTTOM OF THE 9TH
Port Royal Disaster batting - Pitching for Forest City Warriors : RHP Sakutaro Ohayashi
Pitching: RHP Forest Bell
Pinch Hitting: RHB Anson Darrah 0-0: Foul Ball, location: 2F
0-1: Ball
1-1: Ball
2-1: Ground out 4-3 (Groundball, 4, EV 85.6 MPH)
Batting: RHB Sean Roberts 0-0: Ball
1-0: Ball
2-0: Foul Ball, location: 2F
2-1: Called Strike
2-2: Foul Ball, location: 2F
2-2: Foul Ball, location: 2F
2-2: Ball
3-2: Foul Ball, location: 2F
3-2: Fly out, F7 (Flyball, 7, EV 86.2 MPH)
Batting: LHB Seung-soo Ch'ae 0-0: Called Strike
0-1: Foul Ball, location: 2F
0-2: Ball
1-2: Strikes out swinging, 2-3 out at first.
Bottom of the 9th over - 0 runs, 0 hits, 0 errors, 0 left on base; Forest City 6 - Port Royal 5
Tuesday, January 5th, 2021 - OOTP Baseball 20.8 Build 74